 Dungeon Sprint DCSS version 0.24.0-1-gfbc8707 (webtiles) character file.

Game seed: 2792578277172640514, levelgen mode: deterministic

18816 Fang the Warrior (level 12, -2/142 HPs)
             Began as a Gargoyle Berserker on Nov 1, 2019.
             Was the Champion of Trog.
             Slain by a pearl dragon (18 damage)
             ... in the Dungeon (Sprint V: "Ziggurat Sprint").
             The game lasted 00:03:56 (1391 turns).

Fang the Warrior (Gargoyle Berserker)               Turns: 1391, Time: 00:03:57

Health: -2/142     AC: 40    Str: 39    XL:     12   Next: 62%
Magic:  12/12      EV:  6    Int: 12    God:    Trog [******]
Gold:   0          SH: 27    Dex:  9    Spells: 11/11 levels left

rFire    . . .     SeeInvis +   j - +5 broad axe (drain)
rCold    . . .     Gourm    .   G - +18 shield of the Gong {rElec rN+ MR+ EV-5}
rNeg     + + .     Faith    .   b - +15 Maxwell's patent armour {-Cast -Tele rElec MR+ rCorr}
rPois    ∞         Spirit   .   (no helmet)
rElec    +         Reflect  .   (no cloak)
rCorr    +         Harm     .   (no gloves)
MR       ++...     NoTele   +   (no boots) Stlth ..........NoCast +
                                S - amulet "Esuor" {Regen+ Str+3}
HPRegen  0.73/turn              E - +6 ring of strength
MPRegen  0.13/turn              I - ring of Ejily {Int+3 SInv}

@: berserking, glowing, studying Throwing, very quick
A: negative energy resistance 1, electricity resistance, unbreathing,
petrification resistance, rot immunity, AC +8
a: Berserk, Trog's Hand, Brothers in Arms, Renounce Religion


You were in the Dungeon.
You worshipped Trog.
Trog was exalted by your worship.
You were near starving.

You visited 1 branch

Inventory:

Hand Weapons
 a - a +5 battleaxe
 j - a +5 broad axe of draining (weapon)
 k - a +5 executioner's axe
 O - a +6 antimagic executioner's axe
 R - the cursed +1 hand axe "Pehohac" {venom, -Tele rN+ Int+6}
   (You found it in the Dungeon)

   It poisons the flesh of those it strikes.
   It affects your intelligence (+6).
   It protects you from negative energy.
   It prevents most forms of teleportation.
   It has a curse placed upon it.
Armour
 b - the +15 Maxwell's patent armour (worn) {-Cast -Tele rElec MR+ rCorr}
   (You found it in the Dungeon)

   It insulates you from electricity.
   It affects your resistance to hostile enchantments.
   It prevents spellcasting.
   It prevents most forms of teleportation.
   It provides partial protection from all sources of acid and corrosion.
 G - the +18 shield of the Gong (worn) {rElec rN+ MR+ EV-5}
   (You found it in the Dungeon)

   It affects your evasion (-5).
   It insulates you from electricity.
   It protects you from negative energy.
   It affects your resistance to hostile enchantments.
Jewellery
 z - an uncursed ring of flight
 A - a +6 ring of dexterity
 B - a +6 ring of dexterity
 C - a +6 ring of intelligence
 D - a +6 ring of intelligence
 E - a +6 ring of strength (left hand)
 F - a +6 ring of strength
 I - the ring of Ejily (right hand) {Int+3 SInv}
   (You found it in the Dungeon)

   [ring of see invisible]

   It affects your intelligence (+3).
   It lets you see invisible.
 J - an uncursed amulet of magic regeneration
 L - an uncursed amulet of guardian spirit
 M - the ring of Zyhefivaq {rCorr Int+2}
   (You found it in the Dungeon)

   [ring of resist corrosion]

   It affects your intelligence (+2).
   It provides partial protection from all sources of acid and corrosion.
 N - the ring "Miatzila" {Dex+4 SInv}
   (You found it in the Dungeon)

   [ring of see invisible]

   It affects your dexterity (+4).
   It lets you see invisible.
 P - a +5 ring of strength
 Q - a +5 ring of evasion
 S - the amulet "Esuor" (around neck) {Regen+ Str+3}
   (You found it in the Dungeon)

   [amulet of regeneration]

   It affects your strength (+3).
   It increases your rate of regeneration.
Wands
 w - a wand of disintegration (7)
 x - a wand of iceblast (7)
 y - a wand of acid (7)
Scrolls
 i - 4 scrolls of blinking
 l - 7 scrolls of fog
 m - a scroll of holy word
 n - 4 scrolls of identify
 o - 5 scrolls of remove curse
 p - 2 scrolls of fear
Potions
 d - 10 potions of curing
 e - 10 potions of heal wounds
 f - 6 potions of haste
 g - 7 potions of magic
 h - 3 potions of berserk rage
 q - 2 potions of brilliance
 r - 2 potions of invisibility
 s - 4 potions of resistance
 t - a potion of experience
 u - 5 potions of agility
 v - 5 potions of might
Books
 K - a manual of Throwing
Comestibles
 c - 7 rations
 H - 11 chunks of flesh


   Skills:
 * Level 19.2 Fighting
 * Level 16.5 Axes
 + Level 14.1 Armour
 + Level 11.3 Dodging


You had 11 spell levels left.
You didn't know any spells.
Your spell library was empty.

Dungeon Overview and Level Annotations

Branches:
Dungeon (1/1)

Altars:
Ashenzari
Cheibriados
Dithmenos
Elyvilon
Fedhas
Gozag
Hepliaklqana
Kikubaaqudgha
Makhleb
Nemelex Xobeh
Okawaru
Qazlal
Ru
Sif Muna
Trog
Uskayaw
Vehumet
Wu Jian
Xom
Yredelemnul
Zin
The Shining One
Beogh
Jiyva
Lugonu

Annotations:
D 1 transporter


Innate Abilities, Weirdness & Mutations

You are resistant to torment.
Your stone body is resilient. (AC +8)
You are immune to poison.
You resist negative energy. (rN+)
You are resistant to electric shocks. (rElec)
You can survive without breathing.
You are immune to petrification.
You are immune to rotting.


Message History

You block the pearl dragon's attack.
PANG!
You block the pearl dragon's attack.
SHROANNG!
The pearl dragon claws you but does no damage.
The apis gores you!
* * * LOW HITPOINT WARNING * * *
The ophan harnesses the cleansing power of fire!
The bolt of fire hits you.
* * * LOW HITPOINT WARNING * * *
Your shield prevents you from hitting the pearl dragon.
The pearl dragon is severely wounded.
You hit the apis but do no damage. You slash the ophan! You slash the apis!
You closely miss the pearl dragon. The apis gores you but does no damage.
You block the pearl dragon's attack.
PTOANNNG!
You block the pearl dragon's attack.
PANG!
The pearl dragon bites you!!
You die...

▓....†)...▓...))
▓▓▓▓▓▓▓▓▓.▓..)..▓.▓.▓...
.8©8....▓....©....▓...©.
"}}|||..▓▓▓▓▓▓▓▓▓▓▓▓▓▓▓▓
▓...)):|:...▓...8©8...▓..8©8
▓........§§.▓..()})[..▓...}.
▓.......§§.§▓..((((.(.▓..:.:
.........YD▓....()...▓...|.
........G@▓..(..)...▓..)|(
▓.....▓YD▓..(......▓...(|
▓▓..D▓▓▓.▓...)))...▓...(.
▓..▓....§▓..▓.▓.()).▓.▓.▓.(.
▓.....©.....▓....©....▓...©.
▓▓▓▓▓▓▓▓▓▓▓▓▓▓▓▓▓▓▓▓▓▓▓▓▓▓▓▓
▓...8©8...▓...8©8...▓...8©8.
▓..|}:))|.▓..::.}[..▓....)|.
▓..[[|)"..▓....}|=..▓...|.}:


You could see 2 apis, 2 pearl dragons and an ophan.

Vanquished Creatures
  A very ugly thing (D)
  A fire dragon (D)
  A yaktaur captain (D)
  2 hydras (D)
  2 ice dragons (D)
  A two-headed ogre (shapeshifter) (D)
  2 centaur warriors (D)
  A satyr (shapeshifter) (D)
  A dancing weapon (D)
  A deep elf knight (D)
  A spriggan druid (D)
  An unseen horror (shapeshifter) (D)
  3 deep elf archers (D)
  2 deep elf magi (D)
  An ugly thing (D)
  A cyclops (D)
  A rime drake (D)
  A komodo dragon (shapeshifter) (D)
  A yaktaur (D)
  A hornet (D)
  8 merfolk (D)
  A polar bear (shapeshifter) (D)
  A hornet (shapeshifter) (D)
  A queen bee (shapeshifter) (D)
  2 hippogriffs (D)
  3 spriggans (D)
  2 tarantellas (D)
  A wyvern (D)
  A naga (D)
  A swamp worm (shapeshifter) (D)
  2 acid dragons (D)
  4 hell hounds (D)
  2 swamp drakes (D)
  2 wolves (D)
  2 centaurs (D)
  2 scorpions (D)
  2 crimson imps (D)
  An iron imp (D)
  An adder (D)
  A shadow imp (D)
  A white imp (D)
  An ufetubus (D)
  An adder skeleton (D)
  2 adder zombies (D)
  A bat skeleton (D)
  A ball python (D)
  A jackal skeleton (D)
  A leopard gecko zombie (D)
75 creatures vanquished.

Vanquished Creatures (others)
  the Lernaean hydra (D)
  Gastronok (D)
  Kirke (D)
  Louise (D)
  Josephine (D)
  A dancing weapon (D)
  Pikel (D)
  Grum (D)
  Edmund (D)
  Duvessa (D)
  Crazy Yiuf (D)
  Terence (D)
12 creatures vanquished.

Grand Total: 87 creatures vanquished

Notes
Turn   | Place    | Note
-------+----------+-------------------------------------------
     0 | D        | Fang the Gargoyle Berserker began the quest for the Orb.
     0 | D        | Reached XP level 1. HP: 14/14 MP: 1/1
     8 | D        | Found a blossoming altar of Fedhas.
     9 | D        | Found the +6 Majin-Bo {vamp, Archmagi MP+6 Int+6}
     9 | D        | Found the +7 great mace "Firestarter" {inner flame, rF++}
     9 | D        | Found a transporter.
     9 | D        | Found a viscous altar of Jiyva.
     9 | D        | Found an ancient bone altar of Kikubaaqudgha.
     9 | D        | Found a hazy altar of Hepliaklqana.
     9 | D        | Found a corrupted altar of Lugonu.
     9 | D        | Found an opulent altar of Gozag.
     9 | D        | Found a burning altar of Makhleb.
    12 | D        | Found a stormy altar of Qazlal.
    12 | D        | Found a sacrificial altar of Ru.
    12 | D        | Found an iron altar of Okawaru.
    12 | D        | Found a shimmering blue altar of Sif Muna.
    12 | D        | Found a sparkling altar of Nemelex Xobeh.
    12 | D        | Found a bloodstained altar of Trog.
    20 | D        | Found the +9 heavy crossbow "Sniper" {velocity, Acc+∞ SInv}
    20 | D        | Found the +10 dark maul {crush}
    20 | D        | Found the +15 Maxwell's patent armour {-Cast -Tele rElec
                  | MR+ rCorr}
    20 | D        | Found the +18 shield of the Gong {rElec rN+ MR+ EV-5}
    20 | D        | Found the cursed +14 obsidian axe {chop, +Fly SInv *Curse}
   117 | D        | Killed Crazy Yiuf
   120 | D        | Killed Terence
   122 | D        | Entered arena 2.
   122 | D        | Noticed a merfolk
   122 | D        | Noticed a merfolk
   122 | D        | Found a transporter.
   128 | D        | Killed Duvessa
   130 | D        | Killed a merfolk
   130 | D        | Reached skill level 8 in Fighting
   130 | D        | Reached skill level 5 in Armour
   130 | D        | Reached XP level 2. HP: 25/25 MP: 2/2
   130 | D        | Reached XP level 3. HP: 29/29 MP: 3/3
   130 | D        | Reached XP level 4. HP: 35/35 MP: 4/4
   130 | D        | Reached XP level 5. HP: 39/39 MP: 5/5
   130 | D        | Killed Grum
   131 | D        | Killed a merfolk
   131 | D        | Reached skill level 9 in Fighting
   131 | D        | Reached skill level 5 in Dodging
   131 | D        | Reached XP level 6. HP: 47/47 MP: 6/6
   187 | D        | Killed Edmund
   221 | D        | Entered arena 3.
   221 | D        | Noticed a naga
   221 | D        | Found a transporter.
   224 | D        | Reached ** piety under Trog
   225 | D        | Killed a naga
   225 | D        | Reached skill level 10 in Fighting
   225 | D        | Reached XP level 7. HP: 52/52 MP: 7/7
   234 | D        | Entered arena 4.
   234 | D        | Noticed a tarantella
   234 | D        | Noticed a tarantella
   234 | D        | Found a transporter.
   238 | D        | Killed a tarantella
   238 | D        | Reached *** piety under Trog
   238 | D        | Reached skill level 11 in Fighting
   241 | D        | Killed a tarantella
   241 | D        | Reached XP level 8. HP: 60/60 MP: 8/8
   245 | D        | Got the ring of Ejily {Int+3 SInv}
   252 | D        | Entered arena 5.
   252 | D        | Found a transporter.
   256 | D        | Reached **** piety under Trog
   260 | D        | Reached skill level 10 in Axes
   296 | D        | Killed Pikel
   334 | D        | Entered arena 6.
   334 | D        | Found a transporter.
   342 | D        | Reached ***** piety under Trog
   351 | D        | Reached skill level 12 in Fighting
   360 | D        | Entered arena 7.
   360 | D        | Noticed a spriggan
   360 | D        | Noticed a spriggan rider
   360 | D        | Noticed a spriggan druid
   360 | D        | Noticed a spriggan
   361 | D        | Found a transporter.
   365 | D        | Killed a spriggan
   366 | D        | Killed a spriggan druid
   366 | D        | Reached skill level 13 in Fighting
   366 | D        | Reached XP level 9. HP: 62/68 MP: 9/9
   370 | D        | Received a gift from Trog
   372 | D        | Killed a hornet
   375 | D        | Reached skill level 10 in Armour
   494 | D        | Entered arena 8.
   494 | D        | Noticed a centaur warrior
   494 | D        | Noticed a centaur warrior
   494 | D        | Noticed a yaktaur captain
   494 | D        | Noticed a yaktaur
   494 | D        | Noticed a cyclops
   495 | D        | Found a transporter.
   502 | D        | Killed a centaur warrior
   502 | D        | Reached skill level 14 in Fighting
   502 | D        | Reached XP level 10. HP: 75/75 MP: 0/10
   504 | D        | Killed a yaktaur captain
   504 | D        | Reached ****** piety under Trog
   504 | D        | Killed a centaur warrior
   504 | D        | Reached skill level 15 in Fighting
   506 | D        | Killed a cyclops
   546 | D        | Entered arena 9.
   547 | D        | Identified the +9 shortbow of Qiyplo {venom, MR+ SInv}
   547 | D        | Found a transporter.
   552 | D        | Received a gift from Trog
   569 | D        | Got the ring of Zyhefivaq {rCorr Int+2}
   571 | D        | Got the ring "Miatzila" {Dex+4 SInv}
   574 | D        | Entered arena 10.
   574 | D        | Noticed a deep elf mage
   574 | D        | Noticed a +4 mace of protection
   574 | D        | Noticed a deep elf archer
   574 | D        | Noticed a deep elf archer
   574 | D        | Noticed a deep elf knight
   574 | D        | Noticed a deep elf archer
   574 | D        | Noticed a deep elf mage
   574 | D        | Noticed a +2 battleaxe of distortion
   575 | D        | Found a transporter.
   581 | D        | Killed a deep elf mage
   581 | D        | Received a gift from Trog
   586 | D        | Killed a deep elf archer
   586 | D        | Killed a +2 battleaxe of distortion
   586 | D        | Reached skill level 16 in Fighting
   586 | D        | Reached XP level 11. HP: 83/83 MP: 7/11
   589 | D        | Killed a +4 mace of protection
   591 | D        | Killed a deep elf mage
   593 | D        | Killed a deep elf knight
   593 | D        | Received a gift from Trog
   633 | D        | Killed a deep elf archer
   641 | D        | Killed a deep elf archer
   732 | D        | Killed Gastronok
   790 | D        | Entered arena 11.
   791 | D        | Found a transporter.
   799 | D        | Reached skill level 17 in Fighting
   802 | D        | Reached skill level 10 in Dodging
   804 | D        | Received a gift from Trog
   814 | D        | Killed the 27-headed Lernaean hydra
   824 | D        | Reached skill level 15 in Axes
   885 | D        | Got the cursed +1 hand axe "Pehohac" {venom, -Tele rN+
                  | Int+6}
   976 | D        | Entered arena 12.
   976 | D        | Noticed an unseen horror
   976 | D        | Noticed a shock serpent
   976 | D        | Noticed a wolf spider
   977 | D        | Noticed a white very ugly thing
   977 | D        | Noticed a green ugly thing
   977 | D        | Noticed a fire crab
   977 | D        | an elephant changed into a fire crab
   978 | D        | Noticed a satyr
   978 | D        | a wolf spider changed into a satyr
   980 | D        | Killed an unseen horror
   981 | D        | a fire crab changed into an elephant
   983 | D        | a shock serpent changed into a swamp worm
   983 | D        | Noticed a two-headed ogre
   983 | D        | an elephant changed into a two-headed ogre
   984 | D        | Noticed a great orb of eyes
   984 | D        | a satyr changed into a great orb of eyes
   989 | D        | Killed a white very ugly thing
   989 | D        | Received a gift from Trog
   990 | D        | Reached XP level 12. HP: 60/92 MP: 5/12
   990 | D        | Noticed a satyr
   990 | D        | a great orb of eyes changed into a satyr
   992 | D        | Killed a two-headed ogre
   992 | D        | Reached skill level 18 in Fighting
   992 | D        | Killed Louise
   997 | D        | Killed a satyr
  1038 | D        | Found a transporter.
  1046 | D        | Got the amulet "Esuor" {Regen+ Str+3}
  1056 | D        | Killed Josephine
  1112 | D        | Killed Kirke
  1180 | D        | Entered arena 13.
  1180 | D        | Noticed a six-headed hydra
  1180 | D        | Noticed an ice dragon
  1180 | D        | Noticed a six-headed hydra
  1180 | D        | Noticed an ice dragon
  1181 | D        | Noticed a fire dragon
  1182 | D        | Found a transporter.
  1188 | D        | Killed an 11-headed hydra
  1188 | D        | Received a gift from Trog
  1189 | D        | Killed a ten-headed hydra
  1194 | D        | Killed a fire dragon
  1195 | D        | Killed an ice dragon
  1195 | D        | Received a gift from Trog
  1195 | D        | Reached skill level 19 in Fighting
  1196 | D        | Killed an ice dragon
  1371 | D        | Entered arena 14.
  1372 | D        | Noticed a pearl dragon
  1375 | D        | Noticed an apis
  1379 | D        | Noticed an ophan
  1380 | D        | Noticed an apis
  1381 | D        | Found a transporter.
  1381 | D        | Noticed a pearl dragon
  1391 | D        | Slain by a pearl dragon

Levels and vault maps discovered:
D:        sprint_v [room_start, room_1, room_2, room_3, room_4, room_5, room_6,
          room_7, room_8, room_9, room_10, room_11, room_12, room_13, room_14,
          room_15, room_16, room_17, room_18, room_19, room_20, room_21,
          room_22, room_23, room_24, room_25, room_26, room_27]

Skill      XL: |  1  2  3  4  5  6  7  8  9 10 11 12 |
---------------+-------------------------------------+-----
Fighting       | 8 9 10 11 13 14 16 17 19 | 19.2
Axes           | 6 8 9 11 12 13 15 16 | 16.5
Armour         | 5 6 7 9 10 11 13 14 | 14.1
Dodging        | 4 5 6 7 8 9 10 11 | 11.3

Action                   |  1- 3 |  4- 6 |  7- 9 | 10-12 || total
-------------------------+-------+-------+-------+-------++-------
Melee: Broad axe         |     6 |     4 |    45 |   142 ||   197
Invok: Berserk           |     1 |       |     1 |     4 ||     6
  Use: Scroll            |       |       |       |     2 ||     2
  Eat: Chunk             |       |       |       |     6 ||     6
Armor: Plate armour      |     5 |     2 |    49 |   103 ||   159
Dodge: Dodged            |       |     1 |    11 |    19 ||    31
Block: Shield            |     8 |     5 |    92 |   223 ||   328
